 Dungeon Crawl Stone Soup version 0.30.0-19-g36f170ea60 (webtiles) character file.

Game seed: 15880546496721675322

73 Bamboolord the Grave Robber (level 4, -1/32 HPs)
             Began as a Demonspawn Necromancer on May 29, 2023.
             Slain by an orc
             ... wielding a +0 mace
              (7 damage)
             ... on level 3 of the Dungeon.
             The game lasted 00:02:36 (1640 turns).

Bamboolord the Grave Robber (DsNe)                  Turns: 1640, Time: 00:02:36

Health: -1/32      AC:  3    Str:  9    XL:     4   Next: 8%
Magic:  0/8        EV: 12    Int: 18    God:
Gold:   98         SH:  0    Dex: 17    Spells: 4/8 levels left

rFire   . . .        g - +0 dagger (venom)
rCold   . . .        (no shield)
rNeg    . . .        a - +0 robe
rPois   .            e - +0 helmet
rElec   .            (no cloak)
rCorr   .            (no gloves)
SInv    .            (no boots)
Will    .....        (no amulet)
Stlth   ++++         h - ring of wizardry
HPRegen 0.25/turn    (no ring)
MPRegen 0.11/turn

%: wizardry (x1)
@: no status effects
A: claws 1, thin skeletal structure 2
a: no special abilities


You were on level 3 of the Dungeon.
You visited 1 branch of the dungeon, and saw 3 of its levels.

You collected 98 gold pieces.

Inventory:

Hand Weapons
 g - a +0 dagger of venom (weapon)
Armour
 a - a +0 robe (worn)
 e - a +0 helmet (worn)
Jewellery
 h - a ring of wizardry (left claw)
Scrolls
 c - 2 scrolls of identify {unknown}
 f - a scroll of teleportation {unknown}
 i - a scroll of magic mapping {unknown}
Potions
 b - a potion of magic
 d - 3 potions of ambrosia {unknown}
 j - 2 potions of heal wounds {unknown}


   Skills:
 * Level 1.3 Fighting
 * Level 2.2 Dodging
 + Level 1.7 Stealth
 * Level 2.7 Spellcasting
 * Level 5.1 Necromancy


You had 4 spell levels left.
You knew the following spells:

 Your Spells              Type           Power      Damage    Failure   Level
a - Necrotise             Necr           80%        1d8       1%          1
b - Vampiric Draining     Necr           20%        2d7       2%          3

Your spell library contained the following spells:

 Spells                   Type           Power      Damage    Failure   Level
 Animate Dead             Necr           20%        N/A       9%          4
 Agony                    Necr           20%        N/A       22%         5


Dungeon Overview and Level Annotations

Branches:
Dungeon (3/15)

Altars:


Innate Abilities, Weirdness & Mutations

You have sharp fingernails.
You have a moderately thin skeletal structure. (Dex +4, Stealth++)


Message History

The orc wizard writhes in agony.
The orc wizard writhes in agony.
The orc wizard casts a spell.
The orc wizard flickers and vanishes!
Deactivating autopickup; reactivate with Ctrl-A.
Something writhes in agony.
You are out of magic!
You are out of magic!
You are out of magic!
Something hits you.
You closely miss something. Something barely misses you.
You closely miss something. Something hits you.
You completely miss something. Something hits you.
You closely miss something. Something hits you.
Aiming: Necrotise (safe; 1% risk of failure)
Press: ? - help, Q - select action, (/) - cycle Shift-Dir - straight line, p - orc Something writhes in agony.
Something hits you.
Unknown command.
You closely miss something. Something hits you.
You closely miss something. Something barely misses you.
You hit something.
You hear some strange, mumbled words.
A magic dart appears from out of thin air!
The magic dart hits you.
You barely miss something.
Reactivating autopickup.
You feel a bit more experienced.
You have reached level 4!
You feel stronger.
Your demonic ancestry asserts itself...
Your bones become somewhat less dense.
Unknown command.
You closely miss the orc.
The orc is heavily wounded.
The orc hits you with a +0 mace!
* * * LOW HITPOINT WARNING * * *
You hit the orc.
The orc is poisoned.
The orc is severely wounded.
The orc hits you with a +0 mace!
You die...

#### ... ..#
### #.# #.#
#o########.#
#@#........#
#.#.######.##
#...........#
###<#########
###


You could see an orc (very poisoned).

Vanquished Creatures
  An orc wizard (D:3)
  An adder (D:2)
  2 dart slugs
  An orc (D:3)
  5 bats
  An endoplasm (D:2)
  2 giant cockroaches
  4 goblins
  3 hobgoblins
  A quokka (D:2)
  4 ball pythons
  3 frilled lizards
  4 kobolds
  2 rats
34 creatures vanquished.

Vanquished Creatures (collateral kills)
  A goblin (D:1)
1 creature vanquished.

Grand Total: 35 creatures vanquished

Notes
Turn   | Place    | Note
-------+----------+-------------------------------------------
     0 | D:1      | Bamboolord the Demonspawn Necromancer began the quest for
                  | the Orb.
     0 | D:1      | Reached XP level 1. HP: 13/13 MP: 3/3
   249 | D:1      | Gained mutation: You have a somewhat thin skeletal
                  | structure. (Dex +2, Stealth+) [demonic ancestry]
   249 | D:1      | Reached XP level 2. HP: 19/19 MP: 1/5
  1020 | D:2      | Identified the +5 mace of Scorn {flame, Fly Dex+6}
  1197 | D:2      | Reached skill level 5 in Necromancy
  1197 | D:2      | Gained mutation: You have sharp fingernails. [demonic
                  | ancestry]
  1197 | D:2      | Reached XP level 3. HP: 25/25 MP: 4/6
  1201 | D:2      | Learned a level 3 spell: Vampiric Draining
  1537 | D:2      | Reached skill level 1 in Fighting
  1639 | D:3      | Gained mutation: You have a moderately thin skeletal
                  | structure. (Dex +4, Stealth++) [demonic ancestry]
  1639 | D:3      | Reached XP level 4. HP: 13/32 MP: 0/8
  1640 | D:3      | Slain by an orc

Illustrated notes

Levels and vault maps discovered:
D:1:      grunt_arrival_crossed_arrows, layout_loops_ring
D:2:      layout_basic, hangedman_decor_growths
D:3:      layout_basic

Skill      XL: |  1  2  3 |
---------------+----------+-----
Dodging        | 2 |  2.2
Necromancy     | 5 |  5.1
Fighting       | 1 |  1.3
Stealth        | |  1.7
Spellcasting   | |  2.7

Action                     |  1- 3 |  4- 6 || total
---------------------------+-------+-------++-------
  Melee: Dagger            |     8 |     2 ||    10
   Cast: Necrotise         |    54 |       ||    54
 Armour: Robe              |     1 |       ||     1
  Dodge: Dodged            |     7 |       ||     7
